 Dungeon Crawl Stone Soup version 0.17.2-1-ge4368a0 (webtiles) character file.

244 Goblin1989 the Chopper (level 5, -6/61 HPs)
             Began as a Demonspawn Abyssal Knight on Sept 11, 2016.
             Was a Believer of Lugonu.
             Mangled by an ogre
             ... wielding a +0 giant spiked club
              (12 damage)
             ... on level 5 of the Dungeon.
             The game lasted 00:08:41 (3188 turns).

Goblin1989 the Chopper (Demonspawn Abyssal Knight)  Turns: 3188, Time: 00:08:42

Health: -6/61      AC: 22    Str: 13    XL:     5   Next: 83%
Magic:  8/8        EV:  2    Int: 14    God:    Lugonu [**....]
Gold:   175        SH:  0    Dex: 12    Spells: 0 memorised, 4 levels left

rFire  . . .     SeeInvis .     a - +1 hand axe
rCold  . . .     Clarity  .     (armour currently unavailable)
rNeg   + + +     SustAt   .     (no shield)
rPois  +         Gourm    .     (helmet currently unavailable)
rElec  .         Spirit   .     (cloak currently unavailable)
rCorr  +         Warding  .     (gloves currently unavailable)
rMut   .         NoTele   +     (boots currently unavailable)
MR     .....                    k - amulet of resist corrosion
Stlth  +.........               (no ring)
                                (no ring)

@: tree-form, not resistant to hostile enchantments, very unstealthy
A: (horns 0), powered by death 1
a: Depart the Abyss, Bend Space, Renounce Religion


You were on level 5 of the Dungeon.
You worshipped Lugonu.
Lugonu was pleased with you.
You were not hungry.
You were a tree.
You visited 1 branch of the dungeon, and saw 5 of its levels.
You visited the Abyss 1 time.

You collected 175 gold pieces.

Inventory:

Hand Weapons
 a - a +1 hand axe (weapon)
Armour
 e - a +0 scale mail (melded)
 f - a +0 plate armour
Jewellery
 k - an amulet of resist corrosion (around neck)
Scrolls
 b - a scroll of fear {unknown}
 h - 2 scrolls of enchant weapon {unknown}
 i - a scroll of identify {unknown}
 n - a scroll of fog {unknown}
 o - a scroll of noise {unknown}
 p - a scroll of magic mapping {unknown}
 q - a scroll of amnesia {unknown}
Potions
 g - 3 potions of curing {unknown}
 j - a potion of heal wounds {unknown}
 m - a potion of lignification
Comestibles
 c - 3 bread rations
 d - 4 beef jerkies
 l - a meat ration


   Skills:
 - Level 3.0 Fighting
 * Level 4.8 Axes
 - Level 1.7 Armour
 - Level 0.8 Dodging
 + Level 4.8 Invocations


You had 4 spell levels left.
You didn't know any spells.

Dungeon Overview and Level Annotations

Branches:
Dungeon (5/15)
 Temple: D:4-7

Altars:
Fedhas

Annotations:
D:4 Menkaure


Innate Abilities, Weirdness & Mutations

((You have a pair of horns on your head.))
You regenerate a little health from kills.


Message History

You hit the ogre.
The ogre is heavily wounded.
The ogre barely misses you.
You hit the ogre.
The ogre is heavily wounded.
You feel less regenerative.
The ogre hits you with a giant spiked club!!
* * * LOW HITPOINT WARNING * * *
You take 19 damage, and have 1/41 hp.
MASSIVE DAMAGE!!
Drink which item? (? for menu, Esc to quit)
Okay, then.
Read which item? (? for menu, Esc to quit)
Okay, then.
Drink which item? (? for menu, Esc to quit)
You turn into a tree.
Your +0 scale mail melds into your body.
Your roots penetrate the ground.
The ogre hits you with a giant spiked club!
You die...

#.......# #.......# #.......#
#.......#
##################.......#
#....................<..##
#.......................#
#.......................#
#............♣O.........#
#.......................#####+
#...........#######...........
#...........# #...........
#...........# #......)....
#...........# #...........
#...........# #...........
#######.....# ###....####+
#.....# +....#


You could see an ogre.

Vanquished Creatures
  The ghost of Goblin1989 the Cudgeler, an amateur DsWn (D:3)
  An iguana (D:4)
  Robin (D:3)
  4 adders
  An ooze (D:1)
  5 worms
  16 goblins
  11 hobgoblins
  A quokka (D:2)
  6 bats
  3 giant cockroaches
  3 giant geckos
  9 giant newts
  8 kobolds
  10 rats
80 creatures vanquished.

Notes
Turn   | Place    | Note
--------------------------------------------------------------
     0 | Abyss:1  | Goblin1989 the Demonspawn Abyssal Knight began the quest for the Orb.
     0 | Abyss:1  | Reached XP level 1. HP: 18/18 MP: 2/2
     3 | Abyss:1  | Found a corrupted altar of Lugonu.
     4 | Abyss:1  | Found a corrupted altar of Lugonu.
   106 | Abyss:1  | Noticed a small abomination
   106 | D:1      | Escaped the Abyss
   271 | D:1      | Gained mutation: You regenerate a little health from kills. [demonic ancestry]
   271 | D:1      | Reached XP level 2. HP: 24/24 MP: 3/3
   294 | D:1      | Reached * piety under Lugonu
   777 | D:1      | Gained mutation: You have a pair of small horns on your head. [demonic ancestry]
   777 | D:1      | Reached XP level 3. HP: 29/29 MP: 5/5
  1362 | D:2      | Reached ** piety under Lugonu
  1668 | D:2      | Reached XP level 4. HP: 35/35 MP: 6/6
  1715 | D:2      | Found a blossoming altar of Fedhas.
  1840 | D:3      | Noticed Robin
  1856 | D:3      | Killed Robin
  1941 | D:3      | Reached skill level 4 in Invocations
  1997 | D:3      | Noticed Goblin1989's ghost (amateur DsWn)
  2021 | D:3      | Killed Goblin1989's ghost
  2021 | D:3      | Gained mutation: You have a pair of horns on your head. [demonic ancestry]
  2021 | D:3      | Reached XP level 5. HP: 41/41 MP: 8/8
  2772 | D:4      | Noticed Menkaure
  3067 | D:5      | Entered Level 5 of the Dungeon
  3159 | D:5      | Noticed an ogre
  3166 | D:5      | HP: 1/41 [ogre/giant spiked club (19)]
  3188 | D:5      | Mangled by an ogre

Action                   |  1- 3 |  4- 6 || total
-------------------------+-------+-------++-------
Melee: Hand axe          |   115 |   125 ||   240
Invok: Depart the Abyss  |     1 |       ||     1
  Use: Potion            |       |     5 ||     5
  Eat: Chunk             |     2 |     6 ||     8
